 Dungeon Crawl Stone Soup version 0.25-a0-388-g41a7e55 (webtiles) character file.

Game seed: 5967013583661843327, levelgen mode: deterministic

667661 Birdy the Imperceptible (level 27, -17/156 HPs)
             Began as a Vine Stalker Assassin on Jan 6, 2020.
             Was the Champion of Wu Jian.
             Demolished by a lorocyproca (23 damage)
             ... on level 1 of the Abyss on Jan 7, 2020.
             The game lasted 05:38:49 (66632 turns).

Birdy the Imperceptible (Vine Stalker Assassin)    Turns: 66632, Time: 05:38:50

Health: -17/156    AC: 20    Str: 15 (16) XL:     27
Magic:  0/38       EV: 31    Int: 16      God:    Wu Jian [******]
Gold:   2556       SH:  0    Dex: 25      Spells: 15/50 levels left

rFire    + + +     SeeInvis .   k - +9 quick blade (flame)
rCold    + + +     Gourm    .   (no shield)
rNeg     + . .     Faith    .   q - +0 steam dragon scales
rPois    .         Spirit   +   K - +3 hat of Pondering {ponderous, MR+ MP+10 Int+5}
rElec    .         Reflect  .   i - scarf {rC+ rF+}
rCorr    .         Harm     .   h - +3 pair of gauntlets of War {Slay+5}
MR       ++++.     Clarity  +   d - +2 pair of boots {run}
Stlth    +++++++++.             C - amulet "Qyuntuw" {Acrobat rF+ rC++}
HPRegen  1.16/turn              x - ring of Rauptiy {rF+ rN+}
MPRegen  0.26/turn              c - ring of Shadows {Umbra +Inv Stlth+}

@: exhausted, lightly drained, deflect missiles, heavenly storm
A: fangs 3, thin metallic scales 1, blurry vision 2, clarity, clumsy 1,
deterioration 1, low mp 3, regeneration 2, screaming 1, magic shield, antimagic
bite, no potion heal 3, rot immunity
}: 5/15 runes: serpentine, barnacled, slimy, silver, abyssal
a: Wall Jump, Serpent's Lash, Heavenly Storm, Renounce Religion, Evoke
Invisibility


You were on level 1 of the Abyss.
You worshipped Wu Jian.
Wu Jian was exalted by your worship.
You were not hungry.

You visited 10 branches of the dungeon, and saw 50 of its levels.
You visited the Abyss 2 times.
You also visited: Trove and Bailey.

You collected 8384 gold pieces.
You spent 5828 gold pieces at shops.

Inventory:

Hand Weapons
 k - a +9 quick blade of flaming (weapon)
 H - the +5 scythe "Finisher" {speed, eviscerate}
   (You found it on level 5 of the Pits of Slime)

   Attacks with this weapon are significantly faster.
Missiles
 W - 7 atropa-tipped darts (quivered)
Armour
 d - a +2 pair of boots of running (worn)
 h - the +3 pair of gauntlets of War (worn) {Slay+5}
   (You bought it in a shop on level 2 of the Orcish Mines)

   It affects your accuracy and damage with ranged weapons and melee attacks
   (+5).
 i - a scarf of resistance (worn)
 q - +0 steam dragon scales (worn)
 B - +2 acid dragon scales
 D - the +0 pair of fencer's gloves {Riposte Dex+3}
   (You acquired it on level 2 of the Abyss)

   It affects your dexterity (+3).
 K - the +3 hat of Pondering (worn) {ponderous, MR+ MP+10 Int+5}
   (You found it in a treasure trove)

   It affects your intelligence (+5).
   It affects your resistance to hostile enchantments.
   It affects your magic capacity (+10).
Jewellery
 c - the ring of Shadows (right hand) {Umbra +Inv Stlth+}
   (You bought it in a shop on level 5 of the Vaults)

   [ring of stealth]

   It lets you turn invisible.
   It makes you more stealthy.
 x - the ring of Rauptiy (left hand) {rF+ rN+}
   (You found it on level 1 of the Vaults)

   [ring of protection from fire]

   It protects you from fire.
   It protects you from negative energy.
 C - the amulet "Qyuntuw" (around neck) {Acrobat rF+ rC++}
   (You found it on level 1 of the Shoals)

   [amulet of the acrobat]

   It helps you evade while moving and waiting.
   It protects you from fire.
   It greatly protects you from cold.
Wands
 b - a wand of iceblast (24)
 e - a wand of clouds (4)
 v - a wand of scattershot (13)
 y - a wand of digging (11)
 T - a wand of flame (94)
 X - a wand of acid (1)
 Y - a wand of paralysis (16)
Scrolls
 g - 19 scrolls of remove curse
 j - 2 scrolls of vulnerability
 l - a scroll of torment
 m - 2 scrolls of enchant weapon
 n - 2 scrolls of holy word
 o - 29 scrolls of teleportation
 p - 14 scrolls of amnesia
 w - 14 scrolls of immolation
 G - 3 scrolls of fog
 I - 4 scrolls of magic mapping
 J - 4 scrolls of silence
 L - 11 scrolls of identify
 N - 3 scrolls of fear
 Q - 6 scrolls of blinking
 R - a scroll of summoning
Potions
 a - a potion of invisibility
 r - 4 potions of agility
 s - a potion of magic
 t - 10 potions of curing
 z - 7 potions of flight
 A - 4 potions of berserk rage
 E - 2 potions of cancellation
 O - 4 potions of brilliance
 P - 3 potions of resistance
 S - 2 potions of might
 U - a potion of haste
 V - 3 potions of lignification
Miscellaneous
 F - 2 phantom mirrors
 M - a phial of floods
Comestibles
 f - 49 rations


   Skills:
 - Level 20.0(19.7) Fighting
 - Level 6.0(5.8) Short Blades
   Level 12.0(13.1) Axes
 * Level 10.1(12.2) Polearms
 - Level 1.7(1.6) Throwing
 - Level 10.0(9.8) Armour
 - Level 18.1(17.8) Dodging
 - Level 22.0(21.7) Stealth
 - Level 12.0(11.8) Spellcasting
 - Level 11.0(10.8) Charms
 - Level 14.0(13.7) Summonings
 - Level 14.0(13.7) Necromancy
 - Level 9.0(8.8) Air Magic
 - Level 8.1(7.9) Evocations


You had 15 spell levels left.
You knew the following spells:

 Your Spells              Type           Power        Failure   Level  Hunger
a - Song of Slaying       Chrm           #####...     1%          2    None
b - Animate Dead          Necr           N/A          1%          4    ###....
c - Haunt                 Necr/Summ      ######....   22%         7    #######
d - Deflect Missiles      Chrm/Air       #####.....   21%         6    ######.
e - Excruciating Wounds   Chrm/Necr      #####.....   1%          5    #####..
f - Spectral Weapon       Hex/Chrm       ####....     2%          3    None
g - Infestation           Necr           ######....   86%         8    #######

Your spell library contained the following spells:

 Spells                   Type           Power        Failure   Level  Hunger
 Animate Skeleton         Necr           N/A          1%          1    None
 Infusion                 Chrm           ####         1%          1    None
 Pain                     Necr           ####         1%          1    None
 Shock                    Conj/Air       ###.         1%          1    None
 Summon Small Mammal      Summ           ####         1%          1    None
 Call Imp                 Summ           ######..     1%          2    None
 Corpse Rot               Necr/Air       N/A          1%          2    None
 Poisonous Vapours        Pois/Air       ###...       1%          2    None
 Shroud of Golubria       Chrm/Tloc      ####..       1%          2    None
 Swiftness                Chrm/Air       #####...     1%          2    None
 Call Canine Familiar     Summ           ######..     1%          3    None
 Summon Guardian Golem    Hex/Summ       ####....     1%          3    None
 Vampiric Draining        Necr           ######....   1%          3    None
 Summon Lightning Spire   Summ/Air       #####...     1%          4    ###....
 Agony                    Necr           ######..     1%          5    #####..
 Ozocubu's Armour         Chrm/Ice       ####....     2%          3    None
 Summon Ice Beast         Ice/Summ       ####....     4%          4    ###....
 Mephitic Cloud           Conj/Pois/Air  ###.....     7%          3    None
 Beastly Appendage        Tmut           #.....       8%          1    None
 Confusing Touch          Hex            #.....       8%          1    None
 Corona                   Hex            #......      8%          1    None
 Foxfire                  Conj/Fire      #...         8%          1    None
 Freeze                   Ice            #...         8%          1    None
 Magic Dart               Conj           #...         8%          1    None
 Sandblast                Erth           #.....       8%          1    None
 Sting                    Tmut/Pois      #...         8%          1    None
 Blink                    Tloc           N/A          12%         2    None
 Ensorcelled Hibernation  Hex/Ice        #.....       12%         2    None
 Passwall                 Tmut/Erth      #.......     12%         2    None
 Slow                     Hex            #.......     12%         2    None
 Sticks to Snakes         Tmut           #.......     12%         2    None
 Summon Forest            Summ/Tloc      ####......   12%         5    #####..
 Confuse                  Hex            #.......     22%         3    None
 Conjure Flame            Conj/Fire      #.......     22%         3    None
 Dazzling Flash           Conj/Hex       #.....       22%         3    None
 Gell's Gravitas          Tloc           #.........   22%         3    None
 Ignite Poison            Fire/Tmut/Pois #.......     22%         3    None
 Inner Flame              Hex/Fire       #.......     22%         3    None
 Portal Projectile        Hex/Tloc       #.....       22%         3    None
 Spider Form              Tmut/Pois      #.........   22%         3    None
 Stone Arrow              Conj/Erth      #.....       22%         3    None
 Tukima's Dance           Hex            #.......     22%         3    None
 Summon Hydra             Summ           ######....   22%         7    #######
 Lightning Bolt           Conj/Air       ###.......   34%         5    #####..
 Silence                  Hex/Air        ###.......   34%         5    #####..
 Simulacrum               Ice/Necr       ####......   56%         6    ######.
 Cause Fear               Hex            #.........   58%         4    ###....
 Fulminant Prism          Conj/Hex       #.........   58%         4    ###....
 Hailstorm                Conj/Ice       #.......     58%         4    ###....
 Ice Form                 Ice/Tmut       #.......     58%         4    ###....
 Iskenderun's Mystic Bla  Conj/Tloc      #.......     58%         4    ###....
 Leda's Liquefaction      Hex/Erth       #.........   58%         4    ###....
 Olgreb's Toxic Radiance  Pois           #.......     58%         4    ###....
 Passage of Golubria      Tloc           N/A          58%         4    ###....
 Petrify                  Tmut/Erth      #.......     58%         4    ###....
 Sticky Flame             Conj/Fire      #.......     58%         4    ###....
 Borgnjor's Revivificati  Necr           ######....   86%         8    #######
 Conjure Ball Lightning   Conj/Air       ###.......   88%         6    ######.
 Blade Hands              Tmut           #.........   91%         5    #####..
 Lee's Rapid Deconstruct  Erth           #.........   91%         5    #####..
 Metabolic Englaciation   Hex/Ice        #.........   91%         5    #####..
 Yara's Violent Unravell  Hex/Tmut       #.........   91%         5    #####..
 Death's Door             Chrm/Necr      #####.....   97%         8    #######
 Freezing Cloud           Conj/Ice/Air   ###.......   98%         6    ######.
 Malign Gateway           Summ/Tloc      ####......   98%         7    #######
 Darkness                 Hex            #.........   100%        6    ######.
 Dispersal                Tloc           #.........   100%        6    ######.
 Eringya's Noxious Bog    Tmut/Pois      #.........   100%        6    ######.
 Hydra Form               Tmut           #.........   100%        6    ######.
 Invisibility             Hex            #.......     100%        6    ######.
 Iron Shot                Conj/Erth      #.........   100%        6    ######.
 Ozocubu's Refrigeration  Ice            #.........   100%        6    ######.
 Ring of Flames           Chrm/Fire      ####......   100%        7    #######
 Controlled Blink         Tloc           N/A          100%        8    #######
 Disjunction              Tloc           #.........   100%        8    #######
 Ignition                 Fire           #.........   100%        8    #######
 Necromutation            Tmut/Necr      ####......   100%        8    #######
 Tornado                  Air            #####.....   100%        9    #######


Dungeon Overview and Level Annotations

Branches:
Dungeon (15/15)            Temple (1/1) D:4            Lair (6/6) D:11
 Shoals (4/4) Lair:2        Snake (4/4) Lair:3        Slime (5/5) Lair:6
    Orc (2/2) D:9             Elf (3/3) Orc:2        Vaults (5/5) D:14
  Crypt (0/3) Vaults:3     Depths (5/5) D:15            Zot (0/5) Depths:5
 Bailey (visited)

Altars:
Ashenzari
Cheibriados
Dithmenos
Elyvilon
Fedhas
Gozag
Hepliaklqana
Kikubaaqudgha
Makhleb
Nemelex Xobeh
Okawaru
Qazlal
Ru
Sif Muna
Trog
Uskayaw
Vehumet
Wu Jian
Xom
Yredelemnul
Zin
The Shining One
Beogh
Jiyva
Lugonu

Shops:
D:8 (   D:12 =   D:14 *   D:15 !   Orc:2 :[(*   Shoals:1 (   Shoals:2 (
Snake:4 %   Vaults:1 %   Vaults:5 [=   Depths:4 (

Portals:
Hell: Depths:1 Depths:2 Depths:3 Depths:4 Depths:5
Abyss: Depths:1 Depths:4
Pandemonium: Depths:2 Depths:3 Depths:4 Depths:5
Ziggurat: Depths:2

Annotations:
D:10 1 runed translucent door
Shoals:4 1 runed translucent door, Deaus's ghost, adept VSFi
Elf:3 exclusion: orange crystal statue


Innate Abilities, Weirdness & Mutations

You have razor-sharp teeth.
You heal very quickly.
When hurt, damage is shared between your health and your magic reserves.
Your bite disrupts and absorbs the magic of your enemies.
Potions cannot restore your health.
You are immune to rotting.
You are partially covered in thin metallic scales. (AC +2)
Scrolls take you longer to read.
You possess an exceptional clarity of mind.
You are clumsy. (Dex -2)
Your body sometimes deteriorates upon taking damage.
Your magical capacity is extremely low. (-30% MP)
You occasionally shout uncontrollably at your foes.


Message History

The tentacled starspawn barely misses you.
Tentacles burst from the starspawn's body!
Something hits you!
* * * LOW HITPOINT WARNING * * *
You feel your power leaking away. 2 starspawn tentacles come into view.
Your muscles tense, ready for explosive movement...
You spin and attack the starspawn tentacle repeatedly, with incredible momentum.
You impale the starspawn tentacle!! You burn the starspawn tentacle.
You destroy the starspawn tentacle!
Unknown command.
You spin and attack the starspawn tentacle repeatedly, with incredible momentum.
You puncture the starspawn tentacle! You burn the starspawn tentacle.
You bite the starspawn tentacle.
You destroy the starspawn tentacle!
Your supernatural speed expires.
There is a gateway leading out of the Abyss, spattered with blood here.
You hear a shout!
Something hits you!!
You die...

.... # .# . ..
...#.... ...§∩..
3.......§. ..§....
.......#.....§#.
.#....§ #§...§§§.
....#..§§§ ....
......§☼§§§§§...
....#§§☼§☼☼§ ....
? ##..§☼@§§☼§ . .
§.....§§X{X§☼.. .1
.....§§☼§§§§.....
......)°§§☼§§.....
§...§...○§§###.#..
.....###°☼># #.#.
.... .#.## # ... .
.### ....'..


You could see 2 tentacled starspawn.

Vanquished Creatures
  the Royal Jelly (Slime:5)
  An ancient lich (Abyss:3)
  Sojobo (Vaults:4)
  Bai Suzhen (Snake:4)
  Saint Roka (Orc:2)
  Vashnia (Snake:4)
  2 golden dragons (Depths:5)
  2 bone dragons
  A hellephant (Abyss:1)
  A Hell Sentinel (Abyss:1)
  4 tentacled monstrosities
  Rupert (Lair:6)
  6 liches
  3 deep elf master archers (Elf:3)
  The ghost of Eglamore the Bludgeoner, an adept MiFi of Okawaru (Snake:3)
  5 titans
  Asterion (Elf:3)
  2 deep elf blademasters (Elf:3)
  4 quicksilver dragons (Vaults:5)
  20 acid blobs
  3 sphinxes
  Gastronok (Lair:3)
  The ghost of Losor the Fighter, an adept HuWz of Sif Muna (Snake:2)
  13 azure jellies
  19 tentacled starspawn
  4 storm dragons
  Donald (Snake:2)
  A draconian knight (Abyss:4)
  11 fire giants
  4 tengu reavers
  6 shadow dragons
  9 frost giants
  14 nagarajas
  7 deep elf sorcerers
  14 vault wardens
  3 iron dragons
  5 balrugs
  An orc warlord (Orc:2)
  A cacodemon (Abyss:3)
  Louise (Shoals:3)
  A draconian shifter (Abyss:1)
  8 deep elf elementalists
  A draconian stormcaller (Depths:5)
  A draconian annihilator (Depths:5)
  5 spriggan defenders
  17 ironheart preservers
  3 reapers
  13 very ugly things
  24 stone giants
  4 war gargoyles (Vaults:5)
  5 vampire knights
  6 deep elf demonologists
  3 entropy weavers
  A black sun (Abyss:1)
  12 deep elf annihilators
  A yellow draconian (Depths:5)
  Azrael (D:12)
  2 white draconians
  A purple draconian (Depths:5)
  2 spark wasps
  2 black draconians
  3 deep elf death magi (Elf:3)
  An eidolon (Abyss:3)
  11 fire dragons
  3 merfolk javelineers
  12 death oozes
  5 deep elf high priests
  A green death (Depths:3)
  7 merfolk impalers
  18 ettins
  21 yaktaur captains
  7 great orbs of eyes
  9 ice dragons
  The ghost of Bomaseag the Protected, a journeyman MiFi of Okawaru (D:12)
  36 vault guards
  24 naga warriors
  5 spriggan air magi
  A quicksilver dragon skeleton (Abyss:3)
  3 hydras
  7 anacondas
  8 centaur warriors
  8 rakshasas
  3 satyrs
  31 two-headed ogres
  3 alligator snapping turtles
  2 merfolk aquamancers (Shoals:4)
  3 merfolk avatars
  9 ogre magi
  3 death knights
  4 tengu warriors
  23 dancing weapons
  21 thrashing horrors
  9 deep troll shamans
  4 death yaks (Lair:6)
  8 deep troll earth magi
  7 hell hogs
  A spriggan berserker (Depths:2)
  2 vampire magi
  3 orc high priests
  8 shock serpents
  16 deep elf knights
  13 wretched stars
  3 soul eaters
  4 sun demons
  22 naga sharpshooters
  2 shadow wraiths (Abyss:3)
  A fire crab (shapeshifter) (Elf:1)
  4 glowing orange brains
  A spatial maelstrom (Abyss:3)
  2 salamander mystics
  2 skeletal warriors
  4 iron trolls
  4 sixfirhies
  4 flayed ghosts
  9 hell knights
  4 wizards
  4 unseen horrors
  2 infernal demonspawn
  8 sea snakes
  A death drake (shapeshifter) (Vaults:3)
  8 deep elf archers
  11 naga ritualists
  An anaconda skeleton (Abyss:3)
  24 deep trolls
  A swamp dragon (Lair:6)
  A torturous demonspawn (Depths:5)
  14 ironbrand convokers
  60 starcursed masses
  3 shadow demons
  3 phantasmal warriors (Vaults:5)
  An orb spider (Abyss:3)
  15 harpies
  6 necromancers
  A lindwurm (shapeshifter) (Vaults:4)
  13 orc knights
  3 oklob plants (Lair:4)
  7 mana vipers
  7 wolf spiders
  14 salamanders
  47 deep elf magi
  3 human zombies
  A stone giant zombie (Vaults:3)
  6 orc sorcerers
  10 shining eyes
  A tengu skeleton (Vaults:4)
  36 ugly things
  6 fauns
  A shining eye (shapeshifter) (Vaults:3)
  A salamander (shapeshifter) (Vaults:4)
  10 manticores
  6 worldbinders
  9 elephants
  14 cyclopes
  7 guardian serpents
  2 centaur zombies
  4 merfolk sirens
  Maurice (D:12)
  3 apocalypse crabs
  6 water nymphs
  A frost giant skeleton (Abyss:3)
  11 vault sentinels
  17 naga magi
  A rust devil (Abyss:2)
  9 orange demons
  35 black mambas
  18 spiny frogs
  10 smoke demons
  2 eyes of devastation
  5 spectral swamp worms (Depths:1)
  A yaktaur zombie (Vaults:3)
  2 rime drakes (shapeshifter)
  5 rime drakes
  5 ice devils
  5 efreet
  64 yaktaurs
  6 tengu conjurers
  5 komodo dragons
  A kobold demonologist (Abyss:3)
  4 freezing wraiths
  A silent spectre (Abyss:3)
  10 ancient zymes
  A demonic crawler (Abyss:3)
  2 hellwings (Abyss:3)
  7 wind drakes
  4 human skeletons
  A queen bee (shapeshifter) (Vaults:3)
  3 trolls (shapeshifter)
  A polar bear (Lair:5)
  3 meliai (D:13)
  A hornet (shapeshifter) (Vaults:4)
  6 trolls
  20 merfolk
  6 hornets
  A jumping spider (shapeshifter) (Elf:2)
  A merfolk (shapeshifter) (Vaults:2)
  A polar bear (shapeshifter) (Depths:3)
  26 raiju
  4 blink frogs (Lair:3)
  98 slime creatures
  A wolf spider simulacrum (D:15)
  15 dream sheep
  Prince Ribbit (Lair:3)
  A blink frog (shapeshifter) (Depths:5)
  11 hippogriffs
  10 snapping turtles
  An air elemental (Elf:3)
  37 large abominations
  A snapping turtle (shapeshifter) (Elf:2)
  4 wraiths
  A tarantella (Abyss:3)
  A tarantella (shapeshifter) (Depths:2)
  6 flying skulls (Abyss:3)
  6 redbacks
  4 spriggans
  9 fire elementals
  A wyvern (D:8)
  8 ynoxinuls
  58 yaks
  2 hogs (shapeshifter)
  12 water elementals
  A basilisk (shapeshifter) (D:14)
  5 chaos spawn
  An ettin skeleton (Vaults:2)
  15 golden eyes
  11 basilisks
  4 hogs (D:7)
  9 neqoxecs
  2 steam dragons (Lair:6)
  2 golden eyes (shapeshifter)
  A human (D:7)
  3 hungry ghosts
  2 human simulacra (Vaults:2)
  7 wargs
  A harpy simulacrum (Abyss:5)
  51 nagas
  A soldier ant (D:11)
  7 spatial vortices
  6 acid dragons
  A soldier ant (shapeshifter) (Depths:3)
  A hell hound (D:12)
  8 water moccasins
  2 floating eyes
  10 porcupines
  58 orc warriors
  A black bear (Lair:5)
  6 sky beasts
  A hornet zombie (D:9)
  14 eyes of draining
  3 ice beasts
  An ettin simulacrum (Vaults:2)
  3 phantoms
  29 ogres
  9 wolves (Lair:5)
  An orc skeleton (Vaults:2)
  14 centaurs
  15 crocodiles
  12 big kobolds
  14 bullfrogs
  2 wyvern zombies
  3 earth elementals
  2 gnoll sergeants
  7 scorpions
  A wyvern skeleton (D:14)
  4 killer bees (D:10)
  A snapping turtle simulacrum (Abyss:3)
  7 wights
  8 howler monkeys
  3 electric eels
  A bullfrog zombie (D:12)
  12 crimson imps
  10 jellies
  5 quasits
  Crazy Yiuf (D:3)
  27 orc priests
  3 bullfrog skeletons
  5 hounds
  31 orc wizards
  9 iron imps
  4 centaur skeletons
  A hell rat (Abyss:3)
  An iguana (shapeshifter) (Vaults:3)
  7 iguanas
  10 worker ants
  3 bullfrog simulacra (D:12)
  5 centaur simulacra (D:12)
  24 small abominations
  A hound skeleton (D:6)
  A howler monkey zombie (D:9)
  A worker ant zombie (D:9)
  20 gnolls
  28 adders
  A tengu simulacrum (Abyss:3)
  6 shadow imps
  4 white imps
  5 ufetubi
  An adder zombie (D:8)
  An adder skeleton (D:6)
  4 worms
  2 dart slugs
  9 leopard geckos
  114 orcs
  A ball python (D:2)
  3 giant cockroaches
  18 goblins
  8 hobgoblins
  10 jackals
  42 kobolds
  4 quokkas
  9 bats
  4 frilled lizards
  A leopard gecko skeleton (D:8)
  2 quokka skeletons (D:7)
  5 rats
  A butterfly (Lair:1)
  4 fungi
  3 lurking horrors
  7 plants
  20 starspawn tentacles
2566 creatures vanquished.

Vanquished Creatures (collateral kills)
  A shadow dragon (Vaults:5)
  3 nagarajas (Snake:4)
  2 vault wardens (Vaults:5)
  5 very ugly things
  2 vampire knights
  A spark wasp (Depths:2)
  An ettin (Vaults:5)
  4 yaktaur captains
  3 naga warriors (Snake:4)
  2 two-headed ogres (Vaults:4)
  2 tengu warriors (Depths:2)
  A vampire mage (Depths:2)
  A sun demon (Abyss:3)
  2 naga sharpshooters
  3 hell knights (Depths:2)
  A wretched star (Abyss:3)
  A spatial maelstrom (Abyss:3)
  2 flayed ghosts
  A glowing orange brain (Depths:1)
  A phantasmal warrior (Vaults:5)
  2 ugly things
  A salamander (Snake:3)
  2 elephants (Lair:4)
  3 vault sentinels
  A black mamba (Snake:4)
  A smoke demon (Depths:2)
  3 naga magi (Snake:4)
  3 large abominations (Abyss:3)
  A yaktaur (Depths:2)
  An ice devil (Depths:5)
  A freezing wraith (Vaults:5)
  A raiju (Abyss:3)
  An ettin skeleton (Abyss:3)
  A neqoxec (Depths:2)
  8 nagas (Snake:4)
  An eye of draining (Abyss:3)
70 creatures vanquished.

Vanquished Creatures (others)
  A tentacled starspawn (Abyss:1)
  A great orb of eyes (Depths:3)
  A naga warrior (Snake:4)
  A naga sharpshooter (Snake:2)
  A large abomination (Abyss:5)
  A wretched star (Abyss:5)
  2 deep elf magi
  A faun (Shoals:4)
  A vault sentinel (Vaults:3)
  A rime drake (Lair:6)
  A tengu conjurer (Depths:3)
  An ancient zyme (Abyss:5)
  A merfolk (Shoals:3)
  A raiju (Abyss:4)
  An air elemental (Elf:1)
  An electric eel (Elf:3)
  An orc priest (D:9)
  An orc wizard (Vaults:1)
  A shadow imp (D:15)
  An orc (Orc:2)
  2 fungi
  A lurking horror (Abyss:3)
  13 plants
  2 spectral weapons
  23 starspawn tentacles
  5 tentacles (Abyss:3)
67 creatures vanquished.

Grand Total: 2703 creatures vanquished

Notes
Turn   | Place    | Note
-------+----------+-------------------------------------------
     0 | D:1      | Birdy the Vine Stalker Assassin began the quest for the
                  | Orb.
     0 | D:1      | Reached XP level 1. HP: 11/11 MP: 2/2
   175 | D:1      | Reached skill level 5 in Stealth
   227 | D:1      | Reached XP level 2. HP: 6/15 MP: 3/3
   607 | D:1      | Reached XP level 3. HP: 9/18 MP: 3/5
   702 | D:1      | Reached skill level 1 in Dodging
   875 | D:2      | Reached skill level 6 in Stealth
   875 | D:2      | Reached skill level 1 in Spellcasting
   875 | D:2      | Gained mutation: Your natural rate of healing is unusually
                  | fast. [Vine Stalker growth]
   875 | D:2      | Reached XP level 4. HP: 17/23 MP: 6/6
  1064 | D:2      | Reached XP level 5. HP: 26/26 MP: 4/8
  1623 | D:3      | Reached XP level 6. HP: 30/30 MP: 8/10
  2190 | D:3      | Found a runed translucent door.
  2191 | D:3      | Noticed Crazy Yiuf
  2198 | D:3      | Killed Crazy Yiuf
  2748 | D:4      | Reached skill level 1 in Evocations
  2772 | D:4      | Found a snail-covered altar of Cheibriados.
  2919 | D:4      | Found a staircase to the Ecumenical Temple.
  2940 | Temple   | Entered the Ecumenical Temple
  3366 | D:4      | Reached XP level 7. HP: 35/35 MP: 11/11
  3403 | D:5      | Entered Level 5 of the Dungeon
  4197 | D:5      | Gained mutation: You have razor-sharp teeth. [Vine Stalker
                  | growth]
  4197 | D:5      | Reached XP level 8. HP: 39/39 MP: 12/12
  4552 | D:6      | Reached skill level 5 in Evocations
  4683 | D:6      | Reached skill level 7 in Stealth
  4687 | D:6      | Reached skill level 5 in Short Blades
  5050 | D:6      | Found an ornate altar of the Wu Jian Council.
  5074 | D:6      | Became a worshipper of the Wu Jian Council
  5440 | D:6      | Noticed a two-headed ogre
  5461 | D:6      | Reached skill level 8 in Stealth
  5679 | D:6      | Killed a two-headed ogre
  5679 | D:6      | Reached skill level 9 in Stealth
  5679 | D:6      | Reached XP level 9. HP: 14/42 MP: 7/15
  6431 | D:7      | Reached skill level 10 in Stealth
  6828 | D:7      | Reached * piety under Wu Jian
  6922 | D:7      | Found an opulent altar of Gozag.
  7236 | D:7      | Reached skill level 11 in Stealth
  7237 | D:7      | Reached skill level 5 in Fighting
  7237 | D:7      | Reached XP level 10. HP: 47/51 MP: 13/16
  7916 | D:8      | Reached ** piety under Wu Jian
  8020 | D:8      | Reached skill level 12 in Stealth
  8549 | D:8      | Found Buseek's Antique Weapon Shoppe.
  8724 | D:9      | Found a hazy altar of Hepliaklqana.
  8933 | D:9      | Noticed a two-headed ogre
  8991 | D:9      | Killed a two-headed ogre
  9181 | D:9      | Reached *** piety under Wu Jian
  9182 | D:9      | Found a roughly hewn altar of Beogh.
  9182 | D:9      | Found a staircase to the Orcish Mines.
  9193 | D:9      | Reached skill level 13 in Stealth
  9193 | D:9      | Reached XP level 11. HP: 52/58 MP: 18/18
  9850 | D:9      | Reached **** piety under Wu Jian
 10211 | D:9      | Identified a scroll of acquirement
 10247 | D:10     | Entered Level 10 of the Dungeon
 10442 | D:10     | Killed an unseen horror
 10442 | D:10     | Reached skill level 14 in Stealth
 11133 | D:10     | Found a glowing silver altar of Zin.
 11133 | D:10     | Noticed an angel
 11134 | D:10     | Found a runed translucent door.
 11642 | D:11     | Reached skill level 15 in Stealth
 11659 | D:11     | Reached ***** piety under Wu Jian
 11678 | D:11     | Noticed a two-headed ogre
 11791 | D:11     | Killed a two-headed ogre
 12068 | D:11     | Found a staircase to the Lair.
 12085 | D:11     | Gained mutation: You heal very quickly. [Vine Stalker
                  | growth]
 12085 | D:11     | Reached XP level 12. HP: 65/66 MP: 19/19
 12187 | D:11     | Reached skill level 16 in Stealth
 12282 | D:11     | Found a basalt altar of Yredelemnul.
 12669 | Lair:1   | Entered Level 1 of the Lair of Beasts
 12945 | Lair:1   | You fall into a shaft and drop 1 floor!
 13204 | Lair:1   | Reached skill level 17 in Stealth
 13260 | Lair:1   | Reached skill level 10 in Fighting
 13904 | Lair:2   | Found a staircase to the Shoals.
 13932 | Lair:2   | Noticed a six-headed hydra
 13943 | Lair:2   | Killed a six-headed hydra
 14474 | Lair:2   | HP: 3/68 [poisoned by a black mamba]
 14479 | Lair:2   | HP: 3/68 [poisoned by a black mamba]
 14484 | Lair:2   | HP: 3/68 [poisoned by a black mamba]
 14595 | Lair:2   | Found a shimmering altar of Xom.
 14610 | Lair:2   | Reached skill level 18 in Stealth
 14795 | Lair:3   | Found an iron altar of Okawaru.
 14798 | Lair:3   | Reached XP level 13. HP: 66/72 MP: 18/20
 14859 | Lair:3   | Found a staircase to the Snake Pit.
 15061 | Lair:3   | Noticed Gastronok
 15086 | Lair:3   | Killed Gastronok
 15169 | Lair:3   | Noticed Prince Ribbit
 15179 | Lair:3   | Killed Prince Ribbit
 16013 | Lair:4   | Reached ****** piety under Wu Jian
 16029 | Lair:4   | Reached skill level 19 in Stealth
 16547 | Lair:4   | Gained mutation: You are occasionally teleported next to
                  | monsters. [mutagenic glow]
 16554 | Lair:4   | Lost mutation: You are occasionally teleported next to
                  | monsters. [potion of mutation]
 16554 | Lair:4   | Gained mutation: Your magical capacity is low. (-10% MP)
                  | [potion of mutation]
 16554 | Lair:4   | Gained mutation: You are somewhat resistant to further
                  | mutation. [potion of mutation]
 17736 | Lair:5   | Reached skill level 20 in Stealth
 17839 | Lair:5   | Found the +3 sling "Punk" {acid, rCorr}
 18113 | Lair:5   | Reached XP level 14. HP: 63/79 MP: 19/19
 18415 | Lair:6   | Entered Level 6 of the Lair of Beasts
 18454 | Lair:6   | Noticed Rupert
 18461 | Lair:6   | Paralysed by Rupert for 6 turns
 18656 | Lair:6   | Killed Rupert
 18870 | Lair:6   | Found a staircase to the Slime Pits.
 18870 | Lair:6   | Found a viscous altar of Jiyva.
 18906 | Lair:6   | Reached skill level 21 in Stealth
 19672 | Lair:6   | Gained mutation: Your magical capacity is very low. (-20%
                  | MP) [mutagenic glow]
 20698 | Orc:1    | Entered Level 1 of the Orcish Mines
 20887 | Orc:1    | Found a bloodstained altar of Trog.
 21199 | Orc:2    | Entered Level 2 of the Orcish Mines
 21307 | Orc:1    | Gained mutation: You are dopey. (Int -2) [mutagenic glow]
 21564 | Orc:2    | Reached skill level 1 in Axes
 21868 | Orc:2    | Noticed an orc warlord
 21875 | Orc:2    | Found a staircase to the Elven Halls.
 22570 | Orc:2    | Killed an orc warlord
 22570 | Orc:2    | Reached skill level 22 in Stealth
 22876 | Orc:2    | Found a roughly hewn altar of Beogh.
 22877 | Orc:2    | Noticed Saint Roka
 22879 | Orc:2    | Found Xyliuhe's General Store.
 23400 | Orc:2    | Paralysed by an orc sorcerer for 6 turns
 23507 | Orc:2    | Reached XP level 15. HP: 85/85 MP: 17/17
 23511 | Orc:2    | HP: 2/86 [Saint Roka/+2 broad axe of flaming (43)]
 23674 | Orc:2    | Found Fugadd's Antique Armour Shop.
 23682 | Orc:2    | Killed Saint Roka
 23749 | Orc:2    | Found Eterou's Antique Weapon Shop.
 23892 | Orc:2    | Found Fahye's Book Shop.
 24270 | Orc:2    | Bought the +3 pair of gauntlets of War {Slay+5} for 1662
                  | gold pieces
 24270 | Orc:2    | Found the +3 pair of gauntlets of War {Slay+5}
 24521 | D:12     | Reached skill level 5 in Axes
 24567 | D:12     | Noticed Maurice
 24567 | D:12     | Noticed Azrael
 24575 | D:12     | Killed Maurice
 24581 | D:12     | Killed Azrael
 24614 | D:12     | Found Ofod's Jewellery Shop.
 24680 | D:12     | You fall into a shaft and drop 2 floors!
 24680 | D:14     | Found Efiphits's General Store.
 24768 | D:12     | Found a flagged portal.
 24775 | Bailey   | Entered a bailey
 25291 | D:12     | Found a runed translucent gate.
 25291 | D:12     | Found a runed translucent gate.
 25291 | D:12     | Found a runed translucent gate.
 25624 | D:12     | Noticed Bomaseag's ghost (journeyman MiFi)
 25628 | D:12     | Killed Bomaseag's ghost
 25632 | D:12     | Got the ring "Qisid" {Fire}
 25634 | D:12     | Identified the ring "Qisid" {Fire rN+ Str-4 Dex+2} (You
                  | found it on level 12 of the Dungeon)
 25935 | D:13     | Got a transparent rapier
 25941 | D:13     | Identified the +5 rapier "Riux" {drain, rPois Stlth+} (You
                  | found it on level 13 of the Dungeon)
 26817 | D:14     | Found a gate to the Vaults.
 26862 | D:14     | Reached XP level 16. HP: 65/93 MP: 18/18
 27500 | D:15     | Entered Level 15 of the Dungeon
 27747 | D:15     | Found a staircase to the Depths.
 27979 | D:15     | Found Heobimn's Distillery.
 28084 | D:15     | Lost mutation: Your magical capacity is very low. (-20% MP)
                  | [potion of mutation]
 28084 | D:15     | Lost mutation: You are somewhat resistant to further
                  | mutation. [potion of mutation]
 28084 | D:15     | Gained mutation: You occasionally shout uncontrollably at
                  | your foes. [potion of mutation]
 28084 | D:15     | Lost mutation: You occasionally shout uncontrollably at
                  | your foes. [potion of mutation]
 28084 | D:15     | Gained mutation: You are covered in fur. (AC +1) [potion of
                  | mutation]
 28084 | D:15     | Gained mutation: You have large cloven feet. [potion of
                  | mutation]
 28434 | Elf:1    | Entered Level 1 of the Elven Halls
 28452 | Elf:1    | Reached skill level 10 in Axes
 28887 | Elf:1    | Identified the +5 morningstar of Loiczul {drain, rPois
                  | rF+++ Str-2 Stlth+}
 30237 | Elf:2    | Found a runed translucent gate.
 30237 | Elf:2    | Found a runed translucent gate.
 30237 | Elf:2    | Found a runed translucent gate.
 30692 | Elf:2    | Reached skill level 5 in Dodging
 31027 | Elf:2    | Reached XP level 17. HP: 98/98 MP: 21/21
 31486 | Elf:3    | Entered Level 3 of the Elven Halls
 31494 | Elf:3    | Reached skill level 15 in Fighting
 31856 | Elf:3    | Noticed Asterion
 32338 | Elf:3    | Killed Asterion
 32343 | Elf:3    | Noticed a deep elf master archer
 32343 | Elf:3    | Noticed a deep elf blademaster
 32352 | Elf:3    | Killed a deep elf blademaster
 32354 | Elf:3    | Noticed a deep elf master archer
 32357 | Elf:3    | Killed a deep elf master archer
 32757 | Elf:3    | Killed a deep elf master archer
 32817 | Elf:3    | Noticed a deep elf blademaster
 32832 | Elf:3    | Killed a deep elf blademaster
 32869 | Elf:3    | Noticed a deep elf master archer
 32882 | Elf:3    | Killed a deep elf master archer
 32900 | Elf:3    | Identified the +1 crystal plate armour of Osom Eny {Dex+5}
 32900 | Elf:3    | Identified the ring of Uvahuhom {Int+5 Slay+3}
 33256 | Elf:3    | Reached XP level 18. HP: 102/105 MP: 19/22
 33273 | Elf:3    | Identified the cursed +2 rapier of Pyromania {elec, +Inv
                  | rPois rC+ Str-3}
 33423 | Elf:3    | Identified Sif Muna's Grimoire of Displaced Dark Magic
 33452 | Elf:3    | Identified the Incunabulum of Execration and Poisoning
 33470 | Elf:3    | Identified Ninox's Volume of the Birds
 33948 | Lair:2   | Learned a level 2 spell: Song of Slaying
 33955 | Lair:2   | Learned a level 6 spell: Deflect Missiles
 33963 | Lair:2   | Learned a level 7 spell: Haunt
 34116 | Orc:2    | Bought Omaenwy's Disquisition on Shifting Darkness for 590
                  | gold pieces
 34121 | Orc:2    | Learned a level 4 spell: Animate Dead
 34276 | Shoals:1 | Entered Level 1 of the Shoals
 34295 | Shoals:1 | Got a transparent graven amulet
 34298 | Shoals:1 | Identified the amulet "Qyuntuw" {Acrobat rF+ rC++} (You
                  | found it on level 1 of the Shoals)
 34445 | Shoals:1 | Upgraded the game from 0.25-a0-365-g7600c65 to
                  | 0.25-a0-388-g41a7e55
 34658 | Shoals:1 | Found Nyukhurph's Weapon Boutique.
 34919 | Shoals:1 | Reached skill level 1 in Charms
 34938 | Shoals:1 | Reached skill level 1 in Necromancy
 35218 | Shoals:2 | Found Puguoxt's Weapon Emporium.
 35269 | Shoals:2 | Reached skill level 1 in Summonings
 35341 | Shoals:2 | Found the +9 scales of the Dragon King {rPois rF+ rC+ MR+}
 35734 | Shoals:2 | Got a pitted ring mail
 35736 | Shoals:2 | Identified the +4 ring mail of the Will of the Gods {rElec
                  | Regen+} (You found it on level 2 of the Shoals)
 36073 | Shoals:3 | Noticed Louise
 36091 | Shoals:3 | Killed Louise
 37119 | Shoals:3 | Got a blackened great sword
 37132 | Shoals:3 | Identified the +9 great sword "Jibb" {venom, rF- rN++} (You
                  | found it on level 3 of the Shoals)
 37181 | Shoals:4 | Entered Level 4 of the Shoals
 37207 | Shoals:4 | Found a runed translucent door.
 37207 | Shoals:4 | Found a shimmering altar of Xom.
 37207 | Shoals:4 | Noticed Deaus's ghost (adept VSFi)
 37272 | Shoals:4 | Reached skill level 1 in Air Magic
 37346 | Shoals:4 | Gained mutation: You are very dopey. (Int -4) [mutagenic
                  | glow]
 37824 | Shoals:4 | Identified the ring "Hixai" {*Tele MP+9 Str+7 Int+4 Dex-3}
 38035 | Shoals:4 | Got a pitted broad axe
 38036 | Shoals:4 | Identified the +8 broad axe of Miphig {drain, +Fly rPois
                  | MR+ Str+2} (You found it on level 4 of the Shoals)
 38076 | Shoals:4 | Reached skill level 10 in Dodging
 38125 | Shoals:4 | Reached XP level 19. HP: 33/111 MP: 23/23
 38394 | Shoals:4 | Got a barnacled rune of Zot
 38599 | Shoals:4 | Identified a +1 pair of boots of running (You found it on
                  | level 4 of the Shoals)
 38770 | Shoals:4 | Identified the Guide on Earthen Creation
 38893 | Snake:1  | Entered Level 1 of the Snake Pit
 39918 | Snake:2  | Reached skill level 5 in Charms
 39918 | Snake:2  | Reached skill level 5 in Necromancy
 39940 | Snake:2  | Found a runed translucent gate.
 39941 | Snake:2  | Found a runed translucent gate.
 39941 | Snake:2  | Found a runed translucent gate.
 39946 | Snake:2  | Noticed Losor's ghost (adept HuWz)
 39990 | Snake:2  | Found a snail-covered altar of Cheibriados.
 40019 | Snake:2  | Reached skill level 5 in Summonings
 40031 | Snake:2  | Noticed Donald
 40039 | Snake:2  | Killed Donald
 40829 | Snake:3  | Found a runed translucent door.
 40829 | Snake:3  | Noticed Eglamore's ghost (adept MiFi)
 40835 | Snake:3  | Killed Eglamore's ghost
 41218 | Snake:4  | Entered Level 4 of the Snake Pit
 41428 | Snake:4  | Identified the +3 leather armour of Dithmenos's Anger {rC-
                  | Str+3 Int+3 Dex+4}
 41481 | Snake:4  | Reached XP level 20. HP: 84/117 MP: 24/24
 41785 | Snake:4  | Noticed Bai Suzhen
 41808 | Snake:4  | Killed Bai Suzhen
 41975 | Snake:4  | Got a serpentine rune of Zot
 42105 | Snake:4  | Found Naekaec's Food Shop.
 42230 | Snake:4  | Noticed Vashnia
 42378 | Snake:4  | Killed Vashnia
 43324 | Depths:1 | Entered Level 1 of the Depths
 43324 | Depths:1 | Found a corrupted altar of Lugonu.
 43324 | Depths:1 | Found a one-way gate to the infinite horrors of the Abyss.
 43837 | Depths:1 | Reached XP level 21. HP: 123/123 MP: 22/25
 44155 | Depths:1 | Found a gateway to Hell.
 44811 | Depths:2 | Found a one-way gate leading to the halls of Pandemonium.
 45200 | Depths:2 | Found a gateway to a ziggurat.
 45717 | Depths:3 | Found a transporter.
 45997 | Depths:3 | Reached skill level 5 in Air Magic
 46190 | Depths:3 | Found a transporter.
 46626 | Depths:3 | Reached XP level 22. HP: 128/128 MP: 23/26
 46631 | Depths:3 | Reached skill level 10 in Necromancy
 46635 | Depths:3 | Reached skill level 10 in Charms
 46660 | Depths:3 | Got a transparent helmet
 46671 | Depths:3 | Identified the +0 helmet of the Peculiar Scars {rF+++ Str-4
                  | Int-5 Stlth+} (You found it on level 3 of the Depths)
 46674 | Depths:3 | Got a scorched sapphire amulet
 46676 | Depths:3 | Identified the amulet of Esycames {Reflect rN+ Str+4 Int-4
                  | SH+3} (You found it on level 3 of the Depths)
 46690 | Depths:3 | Got a fine wooden ring
 46710 | Depths:3 | Identified the cursed ring of Giullul {Str-3 Dex+6} (You
                  | found it on level 3 of the Depths)
 46850 | Depths:4 | Found Zovuif's Antique Weapon Shoppe.
 46889 | Depths:4 | Reached skill level 10 in Summonings
 47348 | Depths:4 | Found a portal to a secret trove of treasure.
 47621 | Depths:4 | Lost mutation: Your magical capacity is low. (-10% MP)
                  | [potion of mutation]
 47621 | Depths:4 | Lost mutation: You have large cloven feet. [potion of
                  | mutation]
 47621 | Depths:4 | Gained mutation: You have supernaturally acute eyesight.
                  | (SInv) [potion of mutation]
 47621 | Depths:4 | Gained mutation: You can translocate small distances at
                  | will. [potion of mutation]
 47622 | Depths:4 | Lost mutation: You have supernaturally acute eyesight.
                  | (SInv) [potion of mutation]
 47622 | Depths:4 | Lost mutation: You are very dopey. (Int -4) [potion of
                  | mutation]
 47622 | Depths:4 | Lost mutation: You can translocate small distances at will.
                  | [potion of mutation]
 47622 | Depths:4 | Gained mutation: You have sharp toenails. [potion of
                  | mutation]
 47622 | Depths:4 | Gained mutation: Your magical capacity is low. (-10% MP)
                  | [potion of mutation]
 47622 | Depths:4 | Gained mutation: Your movements are slightly less
                  | encumbered by armour. (ER -2) [potion of mutation]
 47958 | Depths:5 | Entered Level 5 of the Depths
 48859 | Depths:5 | Noticed a golden dragon
 48888 | Depths:5 | Killed a golden dragon
 48905 | Depths:5 | Noticed a golden dragon
 48942 | Depths:5 | Killed a golden dragon
 49080 | Depths:5 | Found a gate to the Realm of Zot.
 49196 | Depths:5 | Found a glowing golden altar of the Shining One.
 49613 | D:14     | Bought a potion of invisibility for 80 gold pieces
 49613 | D:14     | Bought a potion of flight for 30 gold pieces
 49613 | D:14     | Bought a scroll of summoning for 95 gold pieces
 49613 | D:14     | Bought a scroll of holy word for 75 gold pieces
 49660 | D:15     | Bought a potion of cancellation for 112 gold pieces
 49660 | D:15     | Bought a potion of curing for 42 gold pieces
 49660 | D:15     | Bought a potion of brilliance for 56 gold pieces
 49660 | D:15     | Bought a potion of resistance for 140 gold pieces
 49660 | D:15     | Bought a potion of curing for 42 gold pieces
 49866 | Snake:2  | Killed Losor's ghost
 50582 | Vaults:1 | Entered Level 1 of the Vaults
 50608 | Vaults:1 | Paralysed by a hornet for 3 turns
 50700 | Vaults:1 | Reached XP level 23. HP: 134/134 MP: 27/27
 50906 | Vaults:1 | Got an ancient lead ring
 50907 | Vaults:1 | Identified the ring of Rauptiy {rF+ rN+} (You found it on
                  | level 1 of the Vaults)
 50997 | Vaults:1 | Reached skill level 1 in Armour
 51366 | Vaults:1 | Reached XP level 24. HP: 139/139 MP: 27/27
 51381 | Vaults:1 | Found Soc Mir's Food Shoppe.
 51873 | Vaults:2 | Found an opulent altar of Gozag.
 52592 | Vaults:2 | You fall into a shaft and drop 1 floor!
 53112 | Vaults:3 | Lost mutation: Your magical capacity is low. (-10% MP)
                  | [potion of mutation]
 53112 | Vaults:3 | Lost mutation: You have sharp toenails. [potion of
                  | mutation]
 53112 | Vaults:3 | Lost mutation: Your movements are slightly less encumbered
                  | by armour. (ER -2) [potion of mutation]
 53112 | Vaults:3 | Gained mutation: You tend to lose your temper in combat.
                  | [potion of mutation]
 53112 | Vaults:3 | Gained mutation: You have large cloven feet. [potion of
                  | mutation]
 53112 | Vaults:3 | Gained mutation: Your spells are a little harder to cast,
                  | but a little more powerful. [potion of mutation]
 53113 | Vaults:3 | Lost mutation: Your spells are a little harder to cast, but
                  | a little more powerful. [potion of mutation]
 53113 | Vaults:3 | Lost mutation: You tend to lose your temper in combat.
                  | [potion of mutation]
 53113 | Vaults:3 | Lost mutation: You are dopey. (Int -2) [potion of mutation]
 53113 | Vaults:3 | Lost mutation: You are covered in fur. (AC +1) [potion of
                  | mutation]
 53113 | Vaults:3 | Gained mutation: Your body sometimes deteriorates upon
                  | taking damage. [potion of mutation]
 53113 | Vaults:3 | Gained mutation: Your magical capacity is low. (-10% MP)
                  | [potion of mutation]
 53113 | Vaults:3 | Gained mutation: You possess an exceptional clarity of
                  | mind. [potion of mutation]
 53251 | Vaults:3 | You fall into a shaft and drop 1 floor!
 53277 | Vaults:4 | Reached skill level 5 in Spellcasting
 53418 | Vaults:4 | Noticed Sojobo
 53420 | Vaults:4 | Killed Sojobo
 53539 | Vaults:4 | Learned a level 5 spell: Excruciating Wounds
 53543 | Vaults:4 | Learned a level 3 spell: Spectral Weapon
 53988 | Vaults:4 | Reached XP level 25. HP: 125/144 MP: 29/29
 54937 | Vaults:3 | Gained mutation: You have a somewhat thin skeletal
                  | structure. (Dex +2, Stealth) [a shining eye]
 54938 | Vaults:3 | Gained mutation: You occasionally shout uncontrollably at
                  | your foes. [a shining eye]
 54939 | Vaults:3 | Found a staircase to the Crypt.
 54940 | Vaults:3 | Gained mutation: Your magical capacity is very low. (-20%
                  | MP) [a shining eye]
 55020 | Vaults:3 | Reached skill level 15 in Dodging
 55976 | Vaults:3 | Reached skill level 5 in Armour
 56301 | Vaults:5 | Entered Level 5 of the Vaults
 56340 | Vaults:5 | Found Irai's Jewellery Boutique.
 56379 | Vaults:5 | Reached XP level 26. HP: 127/151 MP: 28/28
 56455 | Vaults:5 | Found the +10 zealot's sword {holy, *Rage rN+ EV+3}
 56508 | Vaults:5 | Got a silver rune of Zot
 56514 | Vaults:5 | Bought the ring of Shadows {Umbra +Inv Stlth+} for 480 gold
                  | pieces
 56514 | Vaults:5 | Found the ring of Shadows {Umbra +Inv Stlth+}
 57079 | Vaults:5 | Found Jilec's Antique Armour Shop.
 57318 | Vaults:5 | Got a twisted short sword
 57329 | Vaults:5 | Got a wavering pewter ring
 57334 | Vaults:5 | Identified the cursed ring "Umyupi" {rPois Int-3} (You
                  | found it on level 5 of the Vaults)
 57335 | Vaults:5 | Identified the cursed +0 short sword of the Shallot
                  | {freeze, *Drain rC+++ Dex+8} (You found it on level 5 of
                  | the Vaults)
 57612 | Vaults:5 | Bought runed acid dragon scales for 2064 gold pieces
 57612 | Vaults:5 | Bought a shiny helmet for 360 gold pieces
 58433 | Lair:2   | Learned a level 8 spell: Infestation
 58567 | Slime:1  | Entered Level 1 of the Pits of Slime
 58589 | Slime:1  | Gained mutation: Your magical capacity is extremely low.
                  | (-30% MP) [a shining eye]
 58615 | Slime:1  | Gained mutation: You are clumsy. (Dex -2) [a shining eye]
 58616 | Slime:1  | Gained mutation: Scrolls take you a little longer to read.
                  | [a shining eye]
 58930 | Slime:2  | Gained mutation: Scrolls take you longer to read. [a
                  | shining eye]
 59275 | Slime:2  | Found a viscous altar of Jiyva.
 59636 | Slime:5  | Entered Level 5 of the Pits of Slime
 59670 | Slime:5  | Noticed the Royal Jelly
 59672 | Slime:5  | Found a viscous altar of Jiyva.
 59673 | Slime:5  | Found the +5 scythe "Finisher" {speed, eviscerate}
 59695 | Slime:5  | Killed the Royal Jelly
 59695 | Slime:5  | Reached XP level 27. HP: 64/156 MP: 25/26
 59706 | Slime:5  | HP: 7/156 [azure jelly (6)]
 59711 | Slime:5  | HP: 5/156 [acid (3)]
 59716 | Slime:5  | HP: 7/156 [acid blob/splash of acid (1)]
 59881 | Slime:5  | Found the +6 shillelagh "Devastator" {shatter}
 59913 | Slime:5  | Got a slimy rune of Zot
 59933 | Slime:5  | Identified the Guide on Fiery Stones
 60049 | Slime:5  | Identified the Papyrus of Enchanting Changing
 60085 | Slime:5  | Got a flickering silver ring
 60090 | Slime:5  | Identified the ring of Knowledge {rPois rCorr Str-5 Stlth+}
                  | (You found it on level 5 of the Pits of Slime)
 60111 | Slime:5  | Got an ancient demon trident
 60121 | Slime:5  | Identified the +7 demon trident "Puofunum" {vamp, rElec MR+
                  | Int-4} (You found it on level 5 of the Pits of Slime)
 60881 | Depths:4 | You showed the slimy rune of Zot to enter a treasure trove
 60882 | Trove    | Entered a treasure trove
 60965 | Trove    | Found the +3 hat of Pondering {ponderous, MR+ MP+10 Int+5}
 61119 | Trove    | Got an ancient shield
 61126 | Trove    | Identified the +0 shield "Noyfram" {rElec rN+ Int-3} (You
                  | found it in a treasure trove)
 63346 | Depths:1 | Voluntarily entered the Abyss.
 63472 | Abyss:2  | Found the +0 pair of fencer's gloves {Riposte Dex+3}
 63750 | Abyss:2  | Reached skill level 1 in Polearms
 63844 | Abyss:2  | Found a shattered altar of Ashenzari.
 63853 | Abyss:2  | Got a transparent copper amulet
 63856 | Abyss:2  | Identified the amulet "Hin Cub" {Gourm rN+ Dex+2} (You
                  | found it on level 2 of the Abyss)
 64026 | Abyss:3  | Lost mutation: You have a somewhat thin skeletal structure.
                  | (Dex +2, Stealth) [potion of mutation]
 64026 | Abyss:3  | Lost mutation: You have large cloven feet. [potion of
                  | mutation]
 64026 | Abyss:3  | Lost mutation: You are clumsy. (Dex -2) [potion of
                  | mutation]
 64026 | Abyss:3  | Gained mutation: You are partially covered in thin metallic
                  | scales. (AC +2) [potion of mutation]
 64333 | Abyss:3  | Got an abyssal rune of Zot
 64357 | Abyss:3  | Reached skill level 10 in Spellcasting
 64670 | Abyss:3  | Paralysed by accursed screaming for 1 turns
 64923 | Abyss:3  | Reached skill level 5 in Polearms
 64981 | Abyss:3  | Paralysed by accursed screaming for 1 turns
 65051 | Abyss:3  | Found a corrupted altar of Lugonu.
 65127 | Abyss:3  | Gained mutation: You are clumsy. (Dex -2) [a neqoxec]
 65421 | Abyss:3  | Noticed an ancient lich
 65452 | Abyss:3  | Killed an ancient lich
 66063 | Abyss:5  | Entered Level 5 of the Abyss
 66308 | Abyss:5  | Paralysed by accursed screaming for 2 turns
 66346 | Depths:1 | Escaped the Abyss
 66567 | Depths:1 | Voluntarily entered the Abyss.
 66611 | Abyss:1  | Reached skill level 10 in Armour
 66616 | Abyss:1  | Reached skill level 10 in Polearms
 66631 | Abyss:1  | HP: 5/156 [something (5)]
 66632 | Abyss:1  | Demolished by a lorocyproca

Levels and vault maps discovered:
D:1:      dpeg_arrival_radiant, layout_basic, grunt_decor_one_mirror,
          st_stairs_1
D:2:      layout_rooms, kennysheep_big_empty_room
D:3:      layout_basic, uniq_crazy_yiuf_cottage
D:4:      layout_loops_ring, old_standard_altar, minmay_temple_entry_arrows,
          first_ration, minivault_23
D:5:      layout_basic, due_unseen_surprise
D:6:      layout_layer_cave, old_standard_altar
D:7:      layout_loops_corners, nicolae_gozag_cash_rules_everything_around_me,
          grunt_livestock
D:8:      layout_loops_ring, serial_shops, kennysheep_little_box
D:9:      layout_basic, old_standard_altar, david_orc_5, solitary_fountain
D:10:     layout_rooms, lemuel_angel_altar
D:11:     layout_roguey, minmay_lair_entry_grove, yredelemnul_altar_generic
D:12:     layout_irregular_city, gammafunk_ghost_icy, serial_shops, shop,
          enter_bailey_7, uniq_azrael, uniq_maurice
D:13:     layout_roguey
D:14:     layout_layer_cave, lightli_vaults_fourway_checkpoint,
          minmay_misc_feat_roman, serial_shops, shop
D:15:     grunt_enter_depths_hoard, layout_cave_pools, serial_shops, shop,
          fungi_pond_lemuel
Temple:   dpeg_five_rooms_temple
Lair:1:   layout_hall_layers, beast_lair_carwin_3, lemuel_fruit_fields,
          grunt_megastairs_5
Lair:2:   layout_gridlike, shoals_dummy_entry, basic_altar
Lair:3:   layout_chaotic_city, minmay_snake_entry_guardpost_small, basic_altar,
          uniq_gastronok, uniq_prince_ribbit2
Lair:4:   layout_long_grid, serial_bayou_shore_a, grunt_megastairs_3,
          serial_bayou_shore_b, minmay_lair_oklob_chamber
Lair:5:   minmay_lair_venomous_thicket, layout_misc_corridors,
          gammafunk_lair_bear_cave, grunt_megastairs_1
Lair:6:   guppyfry_lair_end_dragon, layout_small_grid,
          hangedman_lair_caniforms_friends, slime_altar_1, uniq_rupert
Shoals:1: layout_shoals, serial_shops, shop
Shoals:2: layout_shoals, serial_shops, shop
Shoals:3: layout_shoals, uniq_louise
Shoals:4: shoals_end_grunt_ice, layout_shoals, ebering_ghost_xom
Snake:1:  layout_grid_maze, serial_bayou_pond_d
Snake:2:  layout_onion_interference, basic_altar, gammafunk_ghost_split,
          uniq_donald
Snake:3:  layout_onion_interference, ebering_ghost_inner_flame
Snake:4:  grunt_snake_rune_spirals, layout_onion_interference, serial_shops,
          nicolae_shop_trees, special_room, st_stairs_6, uniq_vashnia,
          uniq_bai_suzhen
Slime:1:  layout_caves
Slime:2:  layout_caves, basic_altar
Slime:3:  layout_caves
Slime:4:  layout_caves, nicolae_slime_barrier
Slime:5
Orc:1:    layout_diamond_mine, basic_altar
Orc:2:    grunt_orc_cross, layout_caves
Elf:1:    elf_arrival_001, layout_loops_corners, minivault_28
Elf:2:    layout_rooms, minmay_misc_feat_columns, drop_trap
Elf:3:    minmay_elf_hall_quartered_circle, layout_geoelf_castle, minivault_16,
          corexii_leaking_fountain, uniq_asterion
Vaults:1: vaults_dpeg_hooks, v_misc_4, ontoclasm_vaults_decontamination,
          layout_vaults_omnigrid, serial_shops, shop_fountains
Vaults:2: vaults_dpeg_doors, v_rooms_4, nicolae_vaults_network_square,
          v_rooms_4, ontoclasm_vaults_pinch, vaults_dpeg_diagonal,
          nicolae_vaults_hallways_thing, nicolae_vaults_big_ls,
          nicolae_vaults_big_angled_halls, dpeg_vaults_monster_box,
          vaults_dpeg_ring, vaults_room_door_hall, nicolae_vaults_specimen_jars,
          sword_in_stone, layout_vaults_omnibox, basic_altar
Vaults:3: ontoclasm_vaults_chip, vaults_room_boxed, ontoclasm_vaults_twist,
          nicolae_vaults_windows_and_doors_thing,
          nicolae_vaults_little_squares_4, vaults_room_pools, st_lines,
          vaults_room_fours, nicolae_vaults_alarming,
          nicolae_vaults_little_squares_2, v_rooms_3, layout_vaults_big_room
Vaults:4: nicolae_vaults_quadrants, v_misc_26, vaults_room_door_hall,
          v_pattern_1, grunt_vaults_hallway_short,
          nicolae_vaults_sealed_display, nicolae_vaults_three_branches,
          vaults_room_hallway, nicolae_vaults_ring_of_whatevers,
          vaults_room_door_hall, layout_vaults_ring, uniq_sojobo
Vaults:5: serial_shops
Depths:1: layout_gridville, bh_walls_and_bars, pf_hell_entry_tar_river,
          abyss_entry_flame_altar, minmay_fractal_squares_diagonal_5,
          serial_bayou_shore_b
Depths:2: kennysheep_demon_jail, layout_cave_pools, enter_ziggurat_a,
          rand_demon_pan_entry_5, hell_entry,
          hangedman_abyss_or_decor_lesser_grid
Depths:3: gammafunk_its_a_trap, layout_small_grid, rand_demon_pan_entry_8,
          serial_sigils_hangedman_etch, grunt_hell_entry_dis_mu
Depths:4: minmay_containers, layout_gridlike, abyss_entry, columned_hall_lemuel,
          serial_shops, shop, pan_entry, enter_trove_0, hell_entry,
          minmay_liquid_box, infiniplex_staircase_zigzag_5
Depths:5: evilmike_zot_entry_hall, layout_gridlike, hell_entry,
          grunt_pan_entry_in_and_out, tso_altar, nrook_mini_vaults
Abyss:1:  base:
Vaults:1

Skill      XL: |  1  2  3  4  5  6  7  8  9 10 11 12 13 14 15 16 17 18 19 20 21 22 23 24 25 26 27 |
---------------+----------------------------------------------------------------------------------+-----
Stealth        | 5 6 9 11 13 15 18 20 22 | 22.0
Dodging        | 1 2 5 8 10 11 12 13 14 15 16 18 | 18.1
Short Blades   | 2 3 4 5 6 |  6.0
Spellcasting   | 1 2 3 5 7 9 12 | 12.0
Fighting       | 2 5 7 9 10 11 12 14 16 17 18 19 20 | 20.0
Evocations     | 2 4 6 7 8 |  8.1
Axes           | 3 9 11 12 | 12.0
Charms         | 4 6 8 9 11 | 11.0
Necromancy     | 4 6 8 9 11 12 13 14 | 14.0
Summonings     | 3 6 8 9 10 11 12 13 14 | 14.0
Air Magic      | 2 3 5 6 8 9 |  9.0
Armour         | 2 4 5 7 10 | 10.0
Polearms       | 10 | 10.1
Throwing       | |  1.7

Action                   |  1- 3 |  4- 6 |  7- 9 | 10-12 | 13-15 | 16-18 | 19-21 | 22-24 | 25-27 || total
-------------------------+-------+-------+-------+-------+-------+-------+-------+-------+-------++-------
Melee: Dagger            |    89 |   186 |   264 |   424 |   967 |       |       |       |       ||  1930
       Bite              |    16 |    41 |    88 |   259 |   495 |   348 |   711 |   614 |  1647 ||  4219
       Short sword       |       |       |       |   326 |   171 |       |       |       |       ||   497
       Rapier            |       |       |       |       |    88 |   116 |       |       |       ||   204
       Battleaxe         |       |       |       |       |    21 |    55 |       |       |       ||    76
       Quick blade       |       |       |       |       |       |   819 |  1756 |  1300 |  3290 ||  7165
Throw: Dart              |     1 |    10 |     2 |       |       |       |       |       |       ||    13
       Throwing net      |       |       |     2 |     3 |       |       |       |       |       ||     5
 Cast: Animate Dead      |       |       |       |       |       |       |    46 |    58 |    49 ||   153
       Song of Slaying   |       |       |       |       |       |       |    18 |    20 |    30 ||    68
       Excruciating Woun |       |       |       |       |       |       |       |     2 |     5 ||     7
       Spectral Weapon   |       |       |       |       |       |       |       |     2 |     5 ||     7
       Deflect Missiles  |       |       |       |       |       |       |       |     2 |     3 ||     5
Invok: Lunge             |       |       |    18 |    70 |   134 |   130 |   167 |   129 |   264 ||   912
       Whirlwind         |       |       |       |   154 |   259 |   163 |   469 |   304 |   915 ||  2264
       Serpent's Lash    |       |       |       |       |     5 |     1 |     4 |       |     6 ||    16
       Heavenly Storm    |       |       |       |       |     2 |     1 |     2 |       |     6 ||    11
 Abil: Evoke Invisibilit |       |       |    12 |    39 |    48 |    33 |    10 |     7 |     6 ||   155
       Wall Jump         |       |       |       |     1 |     3 |     1 |     4 |     6 |     7 ||    22
Evoke: Wand              |       |       |     1 |     2 |    17 |    17 |    14 |     4 |     8 ||    63
  Use: Potion            |     2 |     6 |       |     2 |    11 |     6 |     8 |     9 |     9 ||    53
       Scroll            |     2 |     7 |     3 |     9 |    30 |    13 |     6 |    10 |    16 ||    96
 Stab: Sleeping          |     4 |    17 |    14 |    58 |    88 |    89 |    47 |    54 |    33 ||   404
       Invisible         |       |       |    31 |   107 |   161 |    71 |    51 |    27 |    37 ||   485
       Distracted        |       |       |     1 |     2 |     4 |     6 |    11 |    15 |    25 ||    64
       Paralysed         |       |       |     1 |     1 |       |       |     1 |       |     1 ||     4
       Held in net/web   |       |       |       |     2 |       |       |       |       |       ||     2
       Fleeing           |       |       |       |       |     2 |       |       |       |       ||     2
  Eat: Chunk             |       |     4 |    13 |    34 |    30 |    30 |    22 |    25 |    25 ||   183
       Ration            |       |     1 |     1 |     2 |     8 |     6 |     7 |     5 |    10 ||    40
Armor: Robe              |    17 |    25 |       |       |       |       |       |       |       ||    42
       Skin              |       |    31 |       |       |       |       |       |       |       ||    31
       Leather armour    |       |     1 |    53 |   130 |    80 |       |       |       |       ||   264
       Steam dragon scal |       |       |       |       |   175 |   118 |   199 |    44 |   173 ||   709
       Quicksilver drago |       |       |       |       |       |       |       |    85 |       ||    85
       Acid dragon scale |       |       |       |       |       |       |       |       |    57 ||    57
Dodge: Dodged            |    48 |    84 |   114 |   313 |   552 |   315 |   726 |   451 |  1536 ||  4139
       Deflected         |       |       |       |       |       |       |       |     2 |    37 ||    39

Table legend:
 A = Non-vault XP
 B = Vault XP
 C = Vault XP percentage of total XP
 D = Non-vault monster count
 E = Vault monster count
 F = Vault count percentage of total count
                 A         B        C        D         E       F
            +---------+---------+-------+---------+---------+-------
      Total |  831277 |  582086 |  41.2 |    1824 |     758 |  29.4
            +---------+---------+-------+---------+---------+-------
        D:1 |      46 |       5 |   9.8 |      25 |       3 |  10.7
        D:2 |     166 |       0 |   0.0 |      24 |       0 |   0.0
        D:3 |     142 |      42 |  22.8 |      22 |       1 |   4.3
        D:4 |     244 |       0 |   0.0 |      11 |       0 |   0.0
        D:5 |     798 |       0 |   0.0 |      22 |       0 |   0.0
        D:6 |    1818 |       0 |   0.0 |      27 |       0 |   0.0
        D:7 |    1001 |     951 |  48.7 |      23 |       5 |  17.9
        D:8 |    1999 |       0 |   0.0 |      41 |       0 |   0.0
        D:9 |    4249 |     907 |  17.6 |      43 |      22 |  33.8
       D:10 |    3583 |       0 |   0.0 |      39 |       0 |   0.0
       D:11 |    3901 |    1881 |  32.5 |      40 |      12 |  23.1
       D:12 |    6126 |    6185 |  50.2 |      33 |      26 |  44.1
       D:13 |    6406 |       0 |   0.0 |      33 |       0 |   0.0
       D:14 |   16959 |    7623 |  31.0 |      52 |      12 |  18.8
       D:15 |    2797 |    2115 |  43.1 |      10 |       2 |  16.7
     Lair:1 |    5015 |    1745 |  25.8 |      21 |       7 |  25.0
     Lair:2 |    3390 |       0 |   0.0 |      11 |       0 |   0.0
     Lair:3 |    2032 |    4116 |  66.9 |      11 |      10 |  47.6
     Lair:4 |    6303 |    2240 |  26.2 |      24 |       6 |  20.0
     Lair:5 |    5128 |    3165 |  38.2 |      25 |      20 |  44.4
     Lair:6 |   10299 |    6949 |  40.3 |      25 |      17 |  40.5
   Shoals:1 |    8922 |       0 |   0.0 |      21 |       0 |   0.0
   Shoals:2 |    6868 |       0 |   0.0 |      14 |       0 |   0.0
   Shoals:3 |   17045 |    1837 |   9.7 |      33 |       2 |   5.7
   Shoals:4 |   11883 |   17105 |  59.0 |      30 |      26 |  46.4
    Snake:1 |   14328 |       0 |   0.0 |      27 |       0 |   0.0
    Snake:2 |   12802 |    7388 |  36.6 |      23 |       9 |  28.1
    Snake:3 |   16708 |    2745 |  14.1 |      22 |       2 |   8.3
    Snake:4 |   22491 |   76952 |  77.4 |      48 |      93 |  66.0
    Slime:1 |   18429 |       0 |   0.0 |      31 |       0 |   0.0
    Slime:2 |   17179 |       0 |   0.0 |      33 |       0 |   0.0
    Slime:3 |   12213 |       0 |   0.0 |      18 |       0 |   0.0
    Slime:5 |   16755 |   31040 |  64.9 |      26 |      14 |  35.0
      Orc:1 |    3379 |     176 |   5.0 |      21 |       1 |   4.5
      Orc:2 |    7193 |   11416 |  61.3 |      54 |      35 |  39.3
      Elf:1 |    8098 |    9380 |  53.7 |      13 |      13 |  50.0
      Elf:2 |    9482 |   21131 |  69.0 |      15 |      27 |  64.3
      Elf:3 |   14213 |   54550 |  79.3 |      32 |      35 |  52.2
   Vaults:1 |   32938 |    7842 |  19.2 |      65 |      11 |  14.5
   Vaults:2 |   29352 |   31826 |  52.0 |      54 |      48 |  47.1
   Vaults:3 |   30236 |   20201 |  40.1 |      42 |      34 |  44.7
   Vaults:4 |   36868 |   22091 |  37.5 |      56 |      18 |  24.3
   Vaults:5 |   23412 |  130348 |  84.8 |      28 |      99 |  78.0
   Depths:1 |   28971 |    6807 |  19.0 |      31 |      11 |  26.2
   Depths:2 |   35140 |   10501 |  23.0 |      59 |      17 |  22.4
   Depths:3 |   36923 |   13653 |  27.0 |      48 |      13 |  21.3
   Depths:4 |   33718 |   11718 |  25.8 |      26 |       7 |  21.2
   Depths:5 |   26690 |   21968 |  45.1 |      28 |      25 |  47.2
    Abyss:1 |   46300 |     857 |   1.8 |      45 |       1 |   2.2
    Abyss:2 |   16559 |       0 |   0.0 |      26 |       0 |   0.0
    Abyss:3 |  105809 |   30919 |  22.6 |     213 |      43 |  16.8
    Abyss:4 |   23547 |       0 |   0.0 |      29 |       0 |   0.0
    Abyss:5 |   24424 |       0 |   0.0 |      51 |       0 |   0.0
      Trove |       0 |     845 | 100.0 |       0 |       4 | 100.0
     Bailey |       0 |     866 | 100.0 |       0 |      27 | 100.0
            +---------+---------+-------+---------+---------+-------
